 Dungeon Crawl Stone Soup version 0.31-a0-234-gad7ace16ef (webtiles) character file.

Game seed: 16432010237831173834

782 qw the Shooter (level 7, -2/43 HPs)
             Began as a Gargoyle Hexslinger on July 9, 2023.
             Slain by an orc warrior
             ... wielding a +0 war axe
              (8 damage)
             ... on level 7 of the Dungeon.
             The game lasted 00:01:19 (2742 turns).

qw the Shooter (Gargoyle Hexslinger)                Turns: 2742, Time: 00:01:20

Health: -2/43      AC: 12    Str: 11    XL:     7   Next: 86%
Magic:  8/8        EV: 10    Int: 14    God:
Gold:   165        SH:  0    Dex: 14    Spells: 7/8 levels left

rFire   . . .        Y - +3 sling
rCold   . . .        (no shield)
rNeg    + . .        b - +0 ring mail
rPois   inf          (no helmet)
rElec   +            i - +0 cloak
rCorr   .            (no gloves)
SInv    .            e - +0 pair of boots
Will    .....        c - amulet of regeneration
Stlth   +            (no ring)
HPRegen 1.07/turn    (no ring)
MPRegen 0.11/turn

%: no passive effects
@: no status effects
A: sickness immunity, AC +4, negative energy resistance 1, electricity
resistance, torment resistance 1, petrification resistance
a: no special abilities


You were on level 7 of the Dungeon.
You visited 1 branch of the dungeon, and saw 5 of its levels.

You collected 269 gold pieces.
You spent 104 gold pieces at shops.


Innate Abilities, Weirdness & Mutations

You are immune to sickness and miasma.
Your stone body is resilient. (AC +4)
You are immune to poison.
You resist negative energy. (rN+)
You are resistant to electric shocks. (rElec)
You are resistant to unholy torment.
You are immune to petrification.


   Skills:
 - Level 4.0 Fighting
 + Level 7.3 Ranged Weapons
 - Level 2.6 Armour
 - Level 1.5 Dodging
 - Level 1.0 Spellcasting
 - Level 2.6 Hexes


You had 7 spell levels left.
You knew the following spells:

 Your Spells              Type           Power      Damage    Failure   Level
a - Slow                  Hex            32%        N/A       21%         1

Your spell library contained the following spells:

 Spells                   Type           Power      Damage    Failure   Level
 Inner Flame              Hex/Fire       4%         N/A       71%         3
 Portal Projectile        Hex/Tloc       8%         N/A       71%         3
 Cause Fear               Hex            4%         N/A       89%         4

Inventory:

Hand Weapons
 Y - a +3 sling (weapon)
Armour
 b - a +0 ring mail (worn)
 e - a +0 pair of boots (worn)
 i - a +0 cloak (worn)
Jewellery
 c - an amulet of regeneration (around neck)
 f - a +6 ring of dexterity
Scrolls
 h - 2 scrolls of identify
Potions
 a - a potion of enlightenment
 d - a potion of curing

Dungeon Overview and Level Annotations

Branches:
Dungeon (4/15)
 Temple: D:4-7

Altars:
Hepliaklqana

Shops:
D:1 =   D:3 ?*

Annotations:
D:4 2 transporters, qw's ghost, amateur MiHs


Message History

The orc warrior hits you but does no damage.
You shoot a sling bullet.
The sling bullet barely misses the orc warrior.
The orc warrior hits you but does no damage.
You shoot a sling bullet.
The sling bullet hits the orc warrior but does no damage.
The orc warrior hits you with a +0 war axe.
You shoot a sling bullet.
The sling bullet barely misses the orc warrior.
The orc warrior barely misses you. The orc warrior closely misses you.
You shoot a sling bullet. The sling bullet hits the orc warrior.
The orc warrior is lightly wounded.
The orc warrior hits you with a +0 war axe!
You shoot a sling bullet.
The sling bullet closely misses the orc warrior.
The orc warrior barely misses you.
You shoot a sling bullet.
The sling bullet hits the orc warrior but does no damage.
The orc warrior is lightly wounded.
The orc warrior hits you with a +0 war axe!
You shoot a sling bullet. The sling bullet hits the orc warrior.
The orc warrior is moderately wounded.
The orc warrior hits you with a +0 war axe!
You shoot a sling bullet.
The sling bullet hits the orc warrior but does no damage.
The orc warrior is moderately wounded.
The orc warrior hits you with a +0 war axe.
You shoot a sling bullet. The sling bullet hits the orc warrior.
The orc warrior is heavily wounded.
The orc warrior barely misses you. The orc warrior completely misses you.
You shoot a sling bullet. The sling bullet hits the orc warrior!
The orc warrior is severely wounded.
The orc warrior hits you with a +0 war axe.
You shoot a sling bullet. The sling bullet hits the orc warrior.
The orc warrior is severely wounded.
The orc warrior closely misses you.
You shoot a sling bullet. The sling bullet hits the orc warrior.
The orc warrior is almost dead.
The orc warrior hits you with a +0 war axe!
You die...

###.......#
#.#
#...#######
#.. #.###
#.# # #.#
#...# #.#
#.#. ##.#
#.. ##..#
#o####..##
#@.....##
########


You could see an orc warrior.

Vanquished Creatures
  2 ice beasts (D:7)
  A sky beast (D:4)
  2 bullfrogs
  2 scorpions (D:4)
  A hound (D:4)
  2 orc wizards (D:4)
  7 adders
  4 gnolls (D:2)
  2 worms
  7 dart slugs
  9 orcs (D:4)
  2 endoplasms
  2 giant cockroaches
  5 goblins
  3 hobgoblins
  7 jackals
  2 quokkas
  6 ball pythons
  3 bats (D:2)
  A frilled lizard (D:1)
  2 kobolds (D:4)
  A rat (D:3)
73 creatures vanquished.

Notes
Turn   | Place    | Note
-------+----------+-------------------------------------------
     0 | D:1      | qw the Gargoyle Hexslinger began the quest for the Orb.
     0 | D:1      | Reached XP level 1. HP: 12/12 MP: 2/2
     0 | D:1      | 0 ||| qw: Version: 0.3-a-51-g015441d
     0 | D:1      | 0 ||| qw: Game counter: 4072
     0 | D:1      | 0 ||| qw: Melee chars always use a shield: true
     0 | D:1      | 0 ||| qw: God list: Okawaru
     0 | D:1      | 0 ||| qw: Allow faded altars: false
     0 | D:1      | 0 ||| qw: Do Orc after clearing Dungeon:15 true
     0 | D:1      | 0 ||| qw: Do second Lair branch before Depths: true
     0 | D:1      | 0 ||| qw: Lair rune preference: random
     0 | D:1      | 0 ||| qw: Goals: Normal
     0 | D:1      | 0 ||| PLANNING D:1-11
   215 | D:1      | 215 ||| FLEEEEING.
   216 | D:1      | 216 ||| FLEEEEING.
   217 | D:1      | 217 ||| FLEEEEING.
   256 | D:1      | Reached XP level 2. HP: 16/16 MP: 3/3
   332 | D:1      | Found Ceb Buti's Jewellery Shop.
   335 | D:1      | 335 ||| SHOPLISTING +4 ring of protection (360 gold, have
                  | 35).
   335 | D:1      | 335 ||| SHOPLISTING +4 ring of slaying (780 gold, have 35).
   335 | D:1      | 335 ||| SHOPLISTING ring "Tecsuipho" {Fly rPois Will++
                  | rCorr Stlth-} (469 gold, have 35).
   335 | D:1      | 335 ||| SHOPLISTING ring of positive energy (200 gold, have
                  | 35).
   335 | D:1      | 335 ||| SHOPLISTING ring of protection from cold (250 gold,
                  | have 35).
   335 | D:1      | 335 ||| SHOPLISTING ring of willpower (250 gold, have 35).
   393 | D:1      | 393 ||| FLEEEEING.
   394 | D:1      | 394 ||| FLEEEEING.
   395 | D:1      | 395 ||| FLEEEEING.
   396 | D:1      | 396 ||| FLEEEEING.
   397 | D:1      | 397 ||| FLEEEEING.
   698 | D:1      | 698 ||| UPGRADING to +0 cloak.
   703 | D:1      | 703 ||| READING scroll labelled PET USTUFERPH.
   704 | D:1      | 704 ||| READING scroll labelled OHIUBE ZADO.
   705 | D:1      | 705 ||| READING 2 scrolls labelled MASAUCUIMN.
   706 | D:1      | 706 ||| READING scroll labelled ZECKOWNOFEWK.
   807 | D:1      | 807 ||| READING scroll labelled GOSKAI SAICAIPN.
   810 | D:1      | 810 ||| READING scroll labelled AGGIJO WYAFY.
   811 | D:1      | 811 ||| DRINKING 2 amethyst potions.
   812 | D:1      | 812 ||| DROPPING scroll of poison.
   853 | D:2      | Reached skill level 3 in Ranged Weapons
   900 | D:2      | Reached XP level 3. HP: 21/21 MP: 4/4
   923 | D:2      | Reached XP level 4. HP: 17/26 MP: 5/5
   988 | D:2      | Reached skill level 4 in Ranged Weapons
  1087 | D:2      | Found a faded altar of an unknown god.
  1378 | D:2      | 1378 ||| UPGRADING to +0 ring mail.
  1388 | D:2      | 1388 ||| DROPPING +0 robe.
  1389 | D:2      | 1389 ||| UPGRADING to +0 pair of boots.
  1394 | D:2      | 1394 ||| READING 2 scrolls of identify.
  1394 | D:2      | 1394 ||| IDENTIFYING glowing silvery potion
  1430 | D:3      | Found Pioseli's General Store.
  1438 | D:3      | 1438 ||| BUYING scroll of identify (20 gold).
  1438 | D:3      | Bought a scroll of identify for 20 gold pieces
  1438 | D:3      | 1438 ||| SHOPLISTING wand of digging (4) (168 gold, have
                  | 101).
  1438 | D:3      | 1438 ||| SHOPLISTING wand of digging (9) (378 gold, have
                  | 101).
  1511 | D:3      | Found Kotikha's Magic Scroll Emporium.
  1516 | D:3      | 1516 ||| BUYING 3 scrolls of identify (84 gold).
  1516 | D:3      | Bought 3 scrolls of identify for 84 gold pieces
  1516 | D:3      | 1516 ||| SHOPLISTING scroll of enchant weapon (105 gold,
                  | have 26).
  1516 | D:3      | 1516 ||| SHOPLISTING scroll of identify (28 gold, have 26).
  1516 | D:3      | 1516 ||| SHOPLISTING scroll of teleportation (42 gold, have
                  | 26).
  1611 | D:3      | Found a hazy altar of Hepliaklqana.
  1631 | D:3      | Reached skill level 1 in Armour
  1767 | D:3      | Reached XP level 5. HP: 30/30 MP: 6/6
  1841 | D:3      | 1841 ||| READING scroll of enchant weapon.
  1841 | D:3      | 1841 ||| ENCHANTING +2 sling.
  2049 | D:3      | 2049 ||| UPGRADING to amulet of regeneration.
  2054 | D:3      | 2054 ||| READING 5 scrolls of identify.
  2054 | D:3      | 2054 ||| IDENTIFYING lumpy coppery potion
  2055 | D:3      | 2055 ||| READING 4 scrolls of identify.
  2055 | D:3      | 2055 ||| IDENTIFYING viscous white potion
  2056 | D:3      | 2056 ||| READING 3 scrolls of identify.
  2056 | D:3      | 2056 ||| IDENTIFYING emerald potion
  2057 | D:3      | 2057 ||| DROPPING potion of lignification.
  2058 | D:3      | 2058 ||| DROPPING potion of attraction.
  2130 | D:4      | 2130 ||| DRINKING 2 potions of curing.
  2130 | D:4      | 2130 ||| (to cure confusion)
  2163 | D:4      | Reached skill level 5 in Ranged Weapons
  2168 | D:4      | Reached XP level 6. HP: 36/36 MP: 7/7
  2179 | D:4      | Reached skill level 3 in Fighting
  2231 | D:4      | Noticed a sky beast
  2240 | D:4      | Killed a sky beast
  2241 | D:4      | Reached skill level 6 in Ranged Weapons
  2304 | D:4      | Reached XP level 7. HP: 43/43 MP: 8/8
  2420 | D:4      | Found a transporter.
  2422 | D:4      | Noticed qw's ghost (amateur MiHs)
  2423 | D:4      | Found a transporter.
  2597 | D:4      | You fall into a shaft and drop 3 floors!
  2610 | D:7      | Reached skill level 7 in Ranged Weapons
  2621 | D:7      | HP: 6/43 [wight/+0 scimitar (10)]
  2622 | D:7      | 2622 ||| READING scroll of teleportation.
  2623 | D:7      | 2623 ||| DRINKING potion of heal wounds.
  2629 | D:7      | HP: 3/43 [ice beast (9)]
  2737 | D:7      | HP: 8/43 [orc warrior/+0 war axe (8)]
  2738 | D:7      | HP: 3/43 [orc warrior/+0 war axe (6)]
  2742 | D:7      | Slain by an orc warrior

Levels and vault maps discovered:
D:1:      dpeg_arrival_more_subterranean_lakeside_camping, layout_basic,
          serial_shops, nicolae_shop_real_fake_doors
D:2:      wander_river, layout_rooms, hellmonk_ecumenical_altar_inner_sanctum
D:3:      layout_loops_ring, mainiacjoe_overflow_paths, serial_shops, shop, shop
D:4:      layout_basic, gammafunk_ghost_mausoleum, minmay_vboxes, uniq_eustachio
D:7:      layout_gridville, nzn_wu_jian_contemplation,
          hangedman_minor_gate_pass, uniq_joseph

Skill      XL: |  1  2  3  4  5  6  7 |
---------------+----------------------+-----
Ranged Weapons | 3 4 5 6 7 |  7.3
Fighting       | 2 4 |  4.0
Armour         | 1 2 |  2.6
Dodging        | |  1.5
Spellcasting   | |  1.0
Hexes          | |  2.6

Action                     |  1- 3 |  4- 6 |  7- 9 || total
---------------------------+-------+-------+-------++-------
   Fire: Sling             |    58 |   171 |   103 ||   332
    Use: Scroll            |     6 |     5 |     1 ||    12
         Potion            |     1 |     1 |     1 ||     3
 Armour: Robe              |     3 |    13 |       ||    16
         Ring mail         |       |    59 |    41 ||   100
  Dodge: Dodged            |    17 |    90 |    38 ||   145

Table legend:
 A = Non-vault XP
 B = Vault XP
 C = Vault XP percentage of total XP
 D = Non-vault monster count
 E = Vault monster count
 F = Vault count percentage of total count
                 A         B        C        D         E       F
            +---------+---------+-------+---------+---------+-------
      Total |     896 |     222 |  19.9 |      69 |       4 |   5.5
            +---------+---------+-------+---------+---------+-------
        D:1 |      18 |       0 |   0.0 |       8 |       0 |   0.0
        D:2 |     116 |       0 |   0.0 |      22 |       0 |   0.0
        D:3 |      49 |       0 |   0.0 |      12 |       0 |   0.0
        D:4 |     501 |      93 |  15.7 |      25 |       3 |  10.7
        D:7 |     212 |     129 |  37.8 |       2 |       1 |  33.3
            +---------+---------+-------+---------+---------+-------
